[Event "Titled Tuesday Blitz July 4 Early 2023"]
[White "Reprintsev, Alexander"]
[Black "Galchenko, Matvey"]
[WhiteFideId "14100541"]
[BlackFideId "24175480"]
[WhiteElo "2483"]
[BlackElo "2874"]
[Result "0-1"]
[Round "1"]
[TimeControl "180+2"]
[Date "2023.07.04"]
[WhiteClock "0:00:10"]
[BlackClock "0:00:06"]
[Board "46"]

1. e4 e6 2. d4 d5 3. Nc3 Bb4 4. Ne2 Nf6 5. e5 Nfd7 6. a3 Be7 7. f4 c5 8. Be3 Nc6 9. g3 O-O 10. Bg2 f6 11. exf6 Nxf6 12. Qd2 b6 13. Bh3 Rb8 14. O-O Bd6 15. Rae1 Qe7 16. Bf2 Re8 17. Nc1 Nxd4 18. Bxd4 cxd4 19. Nb5 Ne4 20. Qd3 Ba6 21. a4 Qf6 22. b3 Rbc8 23. Ne2 Bc5 24. Kg2 Re7 25. Rd1 h5 26. Ng1 Rce8 27. Nf3 Nc3 28. Rde1 Nxb5 29. axb5 Bb7 30. Ne5 Rc7 31. Re2 Bd6 32. Rfe1 Bb4 33. Rd1 Bc3 34. Kf1 g5 35. Qg6+ Qxg6 36. Nxg6 g4 37. Bg2 Rc5 38. f5 Kf7 39. Ne5+ Kg7 40. Nd3 Rxb5 41. fxe6 Bc8 42. Nf4 h4 43. gxh4 Rc5 44. Kg1 Ba6 45. Rf2 d3 46. cxd3 Bd4 47. Rd2 Rc1+ 48. Bf1 Be3 49. Kg2 d4 50. Kg3 Bxd2 51. Rxd2 Rxf1 52. Kxg4 Kf6 53. Re2 Rg8+ 54. Kh3 Rf3# 0-1


[Site "https://www.chess.com"]

[Event "Titled Tuesday Blitz July 4 Early 2023"]
[White "Kovalenko, Igor"]
[Black "Yeritsyan, Hayk"]
[WhiteFideId "14117908"]
[BlackFideId "13307320"]
[WhiteElo "2871"]
[BlackElo "2482"]
[Result "1-0"]
[Round "1"]
[TimeControl "180+2"]
[Date "2023.07.04"]
[WhiteClock "0:02:07"]
[BlackClock "0:00:18"]
[Board "47"]

1. c4 c6 2. Nf3 d5 3. e3 Nf6 4. Nc3 Bg4 5. cxd5 cxd5 6. Qb3 Bc8 7. d4 e6 8. Bd3 Bd6 9. Bd2 O-O 10. Rc1 Nc6 11. O-O a6 12. Na4 Na5 13. Qb6 Nc6 14. Qxd8 Rxd8 15. Nb6 Rb8 16. Bxa6 Nxd4 17. Nxd4 bxa6 18. Nc6 Rxb6 19. Nxd8 Bd7 20. b3 Kf8 21. Ba5 Rb5 22. Bc3 Rb6 23. Bd4 Rb5 24. Nc6 Ne4 25. Ne5 Ke7 26. Nxd7 Kxd7 27. Bxg7 a5 28. Rc2 a4 29. bxa4 Ra5 30. Rb1 Rxa4 31. Rb7+ Kd8 32. Rxf7 Be7 33. Be5 Rc4 34. Rxc4 dxc4 35. Rxh7 c3 36. Bxc3 Nxc3 37. Rh8+ Kd7 38. Ra8 Kc7 39. g3 Bd6 40. h4 Be5 41. Kg2 Kb7 42. Re8 Kc6 43. Rxe6+ Kd5 44. Ra6 Bd6 45. h5 1-0


[Site "https://www.chess.com"]

[Event "Titled Tuesday Blitz July 4 Early 2023"]
[White "Sandro970"]
[Black "Molina, Roberto Junio Brito"]
[BlackFideId "2109450"]
[WhiteElo "2478"]
[BlackElo "2870"]
[Result "1-0"]
[Round "1"]
[TimeControl "180+2"]
[Date "2023.07.04"]
[WhiteClock "0:00:05"]
[BlackClock "0:00:00"]
[Board "48"]

1. d4 d5 2. Nc3 Nf6 3. Bf4 a6 4. e3 c5 5. Nf3 Bg4 6. h3 Bxf3 7. Qxf3 e6 8. O-O-O Bd6 9. g4 Bxf4 10. Qxf4 cxd4 11. exd4 O-O 12. Be2 Nc6 13. g5 Ne8 14. h4 Qc7 15. Qg3 Rc8 16. h5 b5 17. Bd3 Qxg3 18. fxg3 g6 19. Ne2 Ng7 20. h6 Ne8 21. c3 Nd6 22. Nf4 b4 23. Kd2 bxc3+ 24. bxc3 Na5 25. Rb1 Nac4+ 26. Bxc4 Rxc4 27. Rb3 Ne4+ 28. Kc2 Rfc8 29. Ne2 Nxg5 30. Rhb1 Ne4 31. Rb8 Nf6 32. Rxc8+ Rxc8 33. Rb6 Ra8 34. Kb3 Ng4 35. Ka4 Nxh6 36. Ka5 Nf5 37. Rxa6 Rc8 38. a4 Ne3 39. Kb6 Nc4+ 40. Kb7 Rf8 41. Nf4 Kg7 42. Nd3 Re8 43. Nc5 h5 44. Ra8 Rxa8 45. Kxa8 g5 46. Nd3 h4 47. gxh4 gxh4 48. Kb7 h3 49. Nf2 h2 50. Kc6 Kf6 51. Ng4+ Kf5 52. Nxh2 f6 53. Kb5 e5 54. dxe5 fxe5 55. a5 Nxa5 56. Kxa5 1-0


[Site "https://www.chess.com"]

[Event "Titled Tuesday Blitz July 4 Early 2023"]
[White "Bacrot, Etienne"]
[Black "Rizzo, Tobias"]
[WhiteFideId "605506"]
[BlackFideId "30942691"]
[WhiteElo "2870"]
[BlackElo "2477"]
[Result "1-0"]
[Round "1"]
[TimeControl "180+2"]
[Date "2023.07.04"]
[WhiteClock "0:00:16"]
[BlackClock "0:00:06"]
[Board "49"]

1. e4 c5 2. Nf3 e6 3. b3 Nc6 4. Bb2 Nf6 5. e5 Nd5 6. Nc3 d6 7. exd6 Bxd6 8. Nxd5 exd5 9. Bxg7 Rg8 10. Qe2+ Be6 11. Bb2 Qa5 12. Qb5 Qc7 13. O-O-O a6 14. Qe2 O-O-O 15. Kb1 Bf5 16. Re1 Qa5 17. d3 c4 18. Qd2 Bb4 19. c3 Bd6 20. b4 Nxb4 21. cxb4 Bxb4 22. Qf4 d4 23. Re5 Qa4 24. Qxf5+ Kb8 25. Qf4 Bd6 26. dxc4 f6 27. Qxf6 Qd1+ 28. Bc1 Rgf8 29. Qg5 Bxe5 30. Qxe5+ Ka8 31. Qe2 Qa4 32. Qc2 Qc6 33. Bd3 Qc5 34. Rd1 1-0


[Site "https://www.chess.com"]

[Event "Titled Tuesday Blitz July 4 Early 2023"]
[White "Sanhueza, Cristian"]
[Black "Kantor, Gergely"]
[WhiteFideId "116815"]
[BlackFideId "751499"]
[WhiteElo "2475"]
[BlackElo "2867"]
[Result "0-1"]
[Round "1"]
[TimeControl "180+2"]
[Date "2023.07.04"]
[WhiteClock "0:00:05"]
[BlackClock "0:00:39"]
[Board "50"]

1. e4 e5 2. Nf3 Nc6 3. Bc4 Nf6 4. d4 exd4 5. O-O Nxe4 6. Re1 d5 7. Bxd5 Qxd5 8. Nc3 Qd7 9. Nxe4 Be7 10. Bg5 O-O 11. Bxe7 Qxe7 12. Nxd4 Bd7 13. Qh5 Rfe8 14. Nf3 Qf8 15. Rad1 Rad8 16. c3 b6 17. h3 h6 18. Ng3 Be6 19. b3 a5 20. Qb5 Ne7 21. Ne5 Rd5 22. Rxd5 Nxd5 23. c4 Nf4 24. Qc6 Qe7 25. Qe4 Qf6 26. Nf3 Rd8 27. Qb1 Nxh3+ 28. gxh3 Qxf3 29. Qe4 Qxe4 30. Rxe4 Bxh3 31. Re7 Rd7 32. Re8+ Kh7 33. Ne4 Bf5 34. Ng3 Bb1 35. a3 Ba2 36. b4 axb4 37. axb4 Bxc4 38. Kg2 b5 39. Ne4 Bd5 40. Kg3 Bxe4 41. Rxe4 c6 42. Re7 Rxe7 0-1


[Site "https://www.chess.com"]

[Event "Titled Tuesday Blitz July 4 Early 2023"]
[White "Henriquez Villagra, Cristobal"]
[Black "LangesNasenhaar"]
[WhiteFideId "3409350"]
[WhiteElo "2864"]
[BlackElo "2475"]
[Result "1-0"]
[Round "1"]
[TimeControl "180+2"]
[Date "2023.07.04"]
[WhiteClock "0:01:01"]
[BlackClock "0:00:00"]
[Board "51"]

1. Nf3 g6 2. c3 Bg7 3. d4 b6 4. Bg5 Bb7 5. Nbd2 c5 6. e3 h6 7. Bh4 Nf6 8. Bg3 Nc6 9. h3 O-O 10. Bd3 d6 11. O-O Nh5 12. Bh2 e5 13. dxe5 dxe5 14. Qc2 Qe7 15. Rad1 Rad8 16. a4 f5 17. e4 f4 18. Bc4+ Kh7 19. Bd5 Nf6 20. Nc4 Nxd5 21. exd5 Nb8 22. Rfe1 Rxd5 23. Rxd5 Bxd5 24. Ncxe5 Qf6 25. h4 Qf5 26. Qd2 Bb3 27. a5 Re8 28. Qd6 bxa5 29. Bxf4 a4 30. Bg3 Bg8 31. Kh2 Qe6 32. Qxc5 Qf5 33. Qxa7 Kh8 34. Qxa4 Rf8 35. Qa7 Kh7 36. Nd4 1-0


[Site "https://www.chess.com"]

[Event "Titled Tuesday Blitz July 4 Early 2023"]
[White "Toncheva, Nadya"]
[Black "Gholami Orimi, Mahdi"]
[WhiteFideId "2924056"]
[BlackFideId "12558486"]
[WhiteElo "2475"]
[BlackElo "2856"]
[Result "0-1"]
[Round "1"]
[TimeControl "180+2"]
[Date "2023.07.04"]
[WhiteClock "0:01:13"]
[BlackClock "0:01:35"]
[Board "52"]

1. e4 g6 2. d4 Bg7 3. Nc3 d6 4. Be3 a6 5. a4 Nd7 6. Bc4 c6 7. Nge2 e5 8. Qd2 Ngf6 9. f3 O-O 10. a5 Qc7 11. O-O b5 12. axb6 Nxb6 13. Bb3 a5 14. Na4 Nxa4 15. Rxa4 exd4 16. Nxd4 Bd7 17. Ne2 c5 18. Ra2 a4 19. Bc4 Be6 20. Bxe6 fxe6 21. Rfa1 Qc6 22. Nc3 d5 23. exd5 exd5 24. Bg5 d4 25. Bxf6 Bxf6 26. Ne4 Bg7 27. Qd3 c4 28. Qa3 Rfd8 29. Qc5 Qxc5 30. Nxc5 d3 31. Ne6 dxc2 32. Nxd8 Rxd8 33. Kf2 Rd1 34. Rxa4 Rxa1 35. Rxa1 Bxb2 36. Ra8+ Kg7 0-1


[Site "https://www.chess.com"]

[Event "Titled Tuesday Blitz July 4 Early 2023"]
[White "Pap, Gyula"]
[Black "Uzcategui Rodriguez, Alejandro"]
[WhiteFideId "725323"]
[BlackFideId "3903400"]
[WhiteElo "2852"]
[BlackElo "2473"]
[Result "1-0"]
[Round "1"]
[TimeControl "180+2"]
[Date "2023.07.04"]
[WhiteClock "0:01:14"]
[BlackClock "0:00:08"]
[Board "53"]

1. d4 Nf6 2. c4 d6 3. Nc3 Nbd7 4. e4 e5 5. Nf3 Be7 6. Be2 O-O 7. O-O c6 8. Qc2 a6 9. Rd1 Qc7 10. h3 Re8 11. d5 cxd5 12. cxd5 b5 13. a3 Nc5 14. Nd2 Bd7 15. Qb1 Na4 16. Na2 Rec8 17. b3 Nb6 18. Nf1 a5 19. Ne3 a4 20. bxa4 Nxa4 21. Bd2 Nc5 22. Nc3 Rcb8 23. Rc1 Qb7 24. Ra2 b4 25. axb4 Rxa2 26. Qxa2 Ncxe4 27. Nxe4 Nxe4 28. Be1 f5 29. b5 Bd8 30. Rc6 Bb6 31. Nc4 Bc5 32. b6 Kh8 33. Rc7 Qa8 34. Qxa8 Rxa8 35. Rxd7 Ra1 36. Rd8# 1-0


[Site "https://www.chess.com"]

[Event "Titled Tuesday Blitz July 4 Early 2023"]
[White "UNSTOPPABLE_LEGEND"]
[Black "Harsha Bharathakoti"]
[BlackFideId "5078776"]
[WhiteElo "2472"]
[BlackElo "2851"]
[Result "0-1"]
[Round "1"]
[TimeControl "180+2"]
[Date "2023.07.04"]
[WhiteClock "0:00:11"]
[BlackClock "0:00:14"]
[Board "54"]

1. Nf3 g6 2. e4 Bg7 3. d4 d6 4. Bc4 a6 5. O-O e6 6. Re1 Ne7 7. a4 b6 8. c3 h6 9. Nbd2 Nd7 10. Nf1 Bb7 11. Ng3 O-O 12. Bd3 e5 13. h4 exd4 14. cxd4 c5 15. d5 Re8 16. h5 g5 17. Rb1 Qc7 18. b3 Rad8 19. Bf1 Bc8 20. Nxg5 hxg5 21. Bxg5 f6 22. Bf4 Ne5 23. h6 Bf8 24. Qh5 N7g6 25. Be3 Bg4 26. Qh2 Qh7 27. f4 Nf7 28. f5 Nge5 29. Bxa6 Bxh6 30. Bb5 Bxe3+ 31. Rxe3 Qxh2+ 32. Kxh2 Re7 33. Nf1 Ng5 34. Nd2 Kf7 35. Kg3 Rh8 36. Ra1 Ra7 37. Nc4 Nxc4 38. bxc4 Bh5 39. Rh1 Kg7 40. Kf4 Bf7 41. Ree1 Rxh1 42. Rxh1 Ra8 43. Bc6 Rc8 44. Rb1 Rc7 45. Rxb6 Re7 46. a5 Rxe4+ 47. Kg3 Rxc4 48. a6 Rc3+ 49. Kh2 Ra3 50. Bb5 Bxd5 51. Rb7+ Kh6 52. Rd7 Ra2 53. Bf1 Ne4 54. Bd3 c4 55. Bf1 c3 56. Rc7 Nc5 57. a7 c2 0-1


[Site "https://www.chess.com"]

[Event "Titled Tuesday Blitz July 4 Early 2023"]
[White "Samadov, Read"]
[Black "Eynullayev, Atilla"]
[WhiteFideId "13417444"]
[BlackFideId "13413570"]
[WhiteElo "2850"]
[BlackElo "2471"]
[Result "1-0"]
[Round "1"]
[TimeControl "180+2"]
[Date "2023.07.04"]
[WhiteClock "0:00:12"]
[BlackClock "0:00:01"]
[Board "55"]

1. d4 Nf6 2. c4 e6 3. Nc3 Bb4 4. Qc2 O-O 5. a3 Bxc3+ 6. Qxc3 b6 7. Bg5 c5 8. dxc5 bxc5 9. e3 d6 10. Rd1 Nbd7 11. Nf3 Qe7 12. Be2 a5 13. O-O Ba6 14. Qd2 Rfb8 15. h3 a4 16. Bf4 e5 17. Bg5 Rb6 18. Qc2 Bb7 19. Nh4 h6 20. Nf5 Qe6 21. Bxf6 Nxf6 22. Ng3 Rb3 23. Rd2 Ra6 24. Rfd1 Rab6 25. Bd3 e4 26. Be2 Ba6 27. Qc1 Qe5 28. Qc2 h5 29. Rb1 g6 30. Bf1 Qe6 31. Ne2 Qxc4 32. Qd1 Qe6 33. Nf4 Qe5 34. Bxa6 Rxa6 35. Qc2 Rab6 36. Qc4 g5 37. Nd5 Nxd5 38. Rxd5 Qf6 39. Qxa4 Rxb2 40. Rf1 Rb1 41. Qxe4 Rxf1+ 42. Kxf1 Rb2 43. Rf5 Qg6 44. g4 hxg4 45. hxg4 Kg7 46. Qe7 Kh6 47. Rf6 Rb1+ 48. Kg2 1-0


[Site "https://www.chess.com"]

[Event "Titled Tuesday Blitz July 4 Early 2023"]
[White "Miszler, Levente"]
[Black "Bharath Subramaniyam H"]
[WhiteFideId "763276"]
[BlackFideId "46634827"]
[WhiteElo "2471"]
[BlackElo "2843"]
[Result "1-0"]
[Round "1"]
[TimeControl "180+2"]
[Date "2023.07.04"]
[WhiteClock "0:00:37"]
[BlackClock "0:00:05"]
[Board "56"]

1. Nf3 Nf6 2. c4 e6 3. g3 d5 4. Bg2 Be7 5. O-O O-O 6. d3 c5 7. a3 Nc6 8. Nbd2 b6 9. Rb1 Bb7 10. b3 d4 11. Ne5 Qc7 12. Nxc6 Bxc6 13. Bxc6 Qxc6 14. b4 e5 15. b5 Qd7 16. a4 Qh3 17. f3 Nh5 18. Ne4 f5 19. Nf2 Qxf1+ 20. Qxf1 Rae8 21. a5 Bd6 22. axb6 axb6 23. Ra1 e4 24. fxe4 fxe4 25. Qh3 Nf6 26. dxe4 Be5 27. Ra7 d3 28. Nxd3 Bc3 29. e5 Bxe5 30. Nxe5 Rxe5 31. Qg2 Re4 32. Bg5 Rxc4 33. Qb7 Rc1+ 34. Kg2 Ne8 35. Qd5+ Kh8 36. Rf7 Rg8 37. Qe5 Ra1 38. Qe7 Ra2 39. Kf2 Ra8 40. Rf8 Nf6 41. Rxa8 Rxa8 42. Bxf6 gxf6 43. Qxf6+ Kg8 44. Qxb6 Rf8+ 45. Kg2 c4 46. Qe6+ 1-0


[Site "https://www.chess.com"]

[Event "Titled Tuesday Blitz July 4 Early 2023"]
[White "Kosakowski, Jakub"]
[Black "Fiedorek, Michal"]
[WhiteFideId "1185080"]
[BlackFideId "1199528"]
[WhiteElo "2837"]
[BlackElo "2468"]
[Result "1-0"]
[Round "1"]
[TimeControl "180+2"]
[Date "2023.07.04"]
[WhiteClock "0:00:16"]
[BlackClock "0:00:08"]
[Board "57"]

1. e4 c6 2. d4 d5 3. Nd2 dxe4 4. Nxe4 Nf6 5. Nxf6+ exf6 6. c3 Bd6 7. Bd3 Qc7 8. Qc2 h5 9. Ne2 O-O 10. Be3 Re8 11. O-O-O Nd7 12. g4 hxg4 13. Rdg1 c5 14. Bf5 cxd4 15. Nxd4 Ne5 16. h3 Bc5 17. hxg4 Bxd4 18. Bxd4 Nf3 19. Bxc8 Nxd4 20. Qh7+ Kf8 21. Bf5 Ne2+ 22. Kb1 Nxg1 23. Rxg1 Qe5 24. Qh8+ Ke7 25. Qxg7 Rad8 26. a3 Rd2 27. Qh6 Qe2 28. Kc1 Rxb2 29. Qf4 Ra2 30. Qb4+ Kd8 31. Qd6# 1-0


[Site "https://www.chess.com"]

[Event "Titled Tuesday Blitz July 4 Early 2023"]
[White "Senthilkumar, Pranav"]
[Black "Mikhailovsky, Vladimir"]
[WhiteFideId "2083477"]
[BlackFideId "34105414"]
[WhiteElo "2468"]
[BlackElo "2837"]
[Result "1-0"]
[Round "1"]
[TimeControl "180+2"]
[Date "2023.07.04"]
[WhiteClock "0:02:00"]
[BlackClock "0:00:29"]
[Board "58"]

1. Nf3 d6 2. d4 Nf6 3. g3 g6 4. Bg2 Bg7 5. O-O O-O 6. c4 Bf5 7. Nc3 Ne4 8. Qb3 Nxc3 9. Qxc3 Be4 10. b3 c5 11. Be3 Nc6 12. Rad1 Bxf3 13. Bxf3 cxd4 14. Bxd4 Nxd4 15. Rxd4 Bxd4 16. Qxd4 Qb6 17. Qd5 Rab8 18. Rd1 a6 19. Qg5 Qc7 20. Rd4 Qc5 21. Rd5 Qa3 22. Qxe7 Qxa2 23. Rxd6 Qxb3 24. Bd5 Rbe8 25. Bxf7+ Rxf7 26. Qxe8+ Kg7 27. Qe5+ Kh6 28. Rd4 Qb1+ 29. Kg2 g5 30. Rd6+ Kh5 31. h3 1-0


[Site "https://www.chess.com"]

[Event "Titled Tuesday Blitz July 4 Early 2023"]
[White "Harshavardhan G B"]
[Black "Balla, Tamas-Kristof"]
[WhiteFideId "25059009"]
[BlackFideId "1208497"]
[WhiteElo "2836"]
[BlackElo "2466"]
[Result "1-0"]
[Round "1"]
[TimeControl "180+2"]
[Date "2023.07.04"]
[WhiteClock "0:01:14"]
[BlackClock "0:00:09"]
[Board "59"]

1. d4 d5 2. c4 e6 3. Nc3 c5 4. cxd5 exd5 5. Nf3 Nc6 6. g3 Nf6 7. Bg2 cxd4 8. Nxd4 Bc5 9. Nb3 Bb6 10. O-O d4 11. Na4 O-O 12. Bg5 Re8 13. Rc1 h6 14. Bxf6 Qxf6 15. Nxb6 axb6 16. a3 Bg4 17. Re1 Rad8 18. Qd3 Ne5 19. Qb5 Re7 20. f4 Ng6 21. Rcd1 h5 22. Rd2 h4 23. Red1 h3 24. Bf3 Bxf3 25. exf3 Qe6 26. Qd3 Qd5 27. Qxd4 Qxb3 28. Qxd8+ Kh7 29. Qd3 Qe6 30. f5 1-0


[Site "https://www.chess.com"]

[Event "Titled Tuesday Blitz July 4 Early 2023"]
[White "Guliev, Logman"]
[Black "Svane, Frederik"]
[WhiteFideId "13400061"]
[BlackFideId "12923044"]
[WhiteElo "2466"]
[BlackElo "2835"]
[Result "1-0"]
[Round "1"]
[TimeControl "180+2"]
[Date "2023.07.04"]
[WhiteClock "0:00:07"]
[BlackClock "0:00:00"]
[Board "60"]

1. e4 c5 2. Nf3 e6 3. d4 cxd4 4. Nxd4 Nc6 5. Nxc6 bxc6 6. Bd3 d5 7. O-O Nf6 8. Nd2 Be7 9. c4 O-O 10. Qc2 h6 11. b3 a5 12. Bb2 Bb7 13. Rad1 Rc8 14. Rfe1 Qc7 15. h3 Rfd8 16. e5 Nd7 17. Nf3 Bb4 18. Re3 Nc5 19. Bf1 Ne4 20. Bd3 Bc5 21. Re2 a4 22. Bxe4 dxe4 23. Rxe4 axb3 24. axb3 Rxd1+ 25. Qxd1 Rd8 26. Qe2 Qb6 27. Qc2 Be7 28. Re2 c5 29. Nd2 Bc6 30. Nf1 Rb8 31. Re3 Bg5 32. Rg3 Bf4 33. Rc3 Bxe5 34. Re3 Bf4 35. Qc3 e5 36. Rxe5 Bxe5 37. Qxe5 f6 38. Qe6+ Kh7 39. Qf5+ Kh8 40. Bxf6 Rf8 41. Bxg7+ Kxg7 42. Qe5+ Rf6 43. Ng3 Kg6 44. Nh5 Qd8 45. Nxf6 Qxf6 46. Qxc5 Qa1+ 47. Kh2 Qf6 48. Qe3 Qd6+ 49. f4 Kf7 50. g4 Qa3 51. Kg3 Qb2 52. f5 Qg2+ 53. Kh4 Qb2 54. Qe6+ Kf8 55. Qd6+ Kf7 56. Qe6+ Kg7 57. Qg6+ Kf8 58. Qxc6 Qd2 59. Qf6+ Kg8 60. Qg6+ Kf8 61. Kh5 Qd3 62. Qxh6+ Ke7 63. Qg7+ Kd8 64. Qf8+ Kd7 65. Qf7+ Kc8 66. Qe6+ Kc7 67. h4 Qf3 68. f6 Qd3 69. f7 Qh7+ 70. Kg5 Qg7+ 71. Kf4 Qd4+ 72. Kf5 Qd3+ 73. Qe4 Qd7+ 74. Kg6 Qd6+ 75. Kg7 Qd7 76. Qe5+ Kb6 77. Qf6+ Ka7 78. Kg8 Qxg4+ 79. Qg7 Qe6 80. Kh8 1-0


[Site "https://www.chess.com"]

[Event "Titled Tuesday Blitz July 4 Early 2023"]
[White "Beerdsen, Thomas"]
[Black "Flynn, Jacob"]
[WhiteFideId "1030108"]
[BlackFideId "2509393"]
[WhiteElo "2828"]
[BlackElo "2465"]
[Result "1-0"]
[Round "1"]
[TimeControl "180+2"]
[Date "2023.07.04"]
[WhiteClock "0:01:09"]
[BlackClock "0:00:00"]
[Board "61"]

1. e4 e5 2. Bc4 Nf6 3. d3 Bc5 4. Nc3 d6 5. f4 Nc6 6. Nf3 exf4 7. Bxf4 O-O 8. Qd2 Be6 9. O-O-O Nd4 10. Kb1 Ng4 11. Rdf1 Bxc4 12. dxc4 Nxf3 13. gxf3 Ne5 14. Qe2 Ng6 15. Bd2 Re8 16. h4 Bd4 17. h5 Nf8 18. h6 g6 19. Nb5 Bh8 20. Bc3 Ne6 21. f4 Nc5 22. Bxh8 Rxe4 23. Qf3 Kxh8 24. f5 Rxc4 25. Qd5 Rb4 26. fxg6 hxg6 27. Qxf7 Qg8 28. Qf6+ Kh7 29. Nxc7 Rc8 30. Nd5 Re4 31. Qxd6 Re6 32. Nf6+ Rxf6 33. Rxf6 Rc6 34. Qe7+ Kh8 35. Rf8 1-0


[Site "https://www.chess.com"]

[Event "Titled Tuesday Blitz July 4 Early 2023"]
[White "Nunez V, Gustavo Eduardo"]
[Black "demon64fields"]
[WhiteFideId "4403690"]
[WhiteElo "2464"]
[BlackElo "2825"]
[Result "0-1"]
[Round "1"]
[TimeControl "180+2"]
[Date "2023.07.04"]
[WhiteClock "0:00:40"]
[BlackClock "0:01:59"]
[Board "62"]

1. e4 e6 2. d3 d5 3. Nd2 Nf6 4. g3 Be7 5. Bg2 b6 6. exd5 exd5 7. Ne2 O-O 8. O-O c6 9. Nf3 h6 10. h3 Bf5 11. g4 Bh7 12. Bf4 Nbd7 13. Qd2 Nc5 14. Ng3 Ne6 15. Be3 d4 16. Bxh6 gxh6 17. Qxh6 Re8 18. g5 Nd5 19. h4 Ndf4 20. Ne5 Bf8 21. Qxh7+ Kxh7 22. Be4+ Kg8 23. Nf5 Nxg5 24. Nxc6 Nxe4 25. Nxd8 Nd2 26. Nc6 Nxf1 27. Rxf1 Rac8 28. Ncxd4 Ne2+ 29. Nxe2 Rxe2 30. Nd4 Rexc2 31. Nxc2 Rxc2 32. Rb1 Bg7 33. b4 Rxa2 34. Kg2 Bd4 35. Kf3 f5 36. Rg1+ Kf7 37. Rc1 Rxf2+ 38. Kg3 Rd2 39. Rc7+ Kf6 40. Rxa7 Rxd3+ 41. Kg2 f4 42. Ra8 f3+ 43. Kh3 f2+ 44. Kg4 Ke7 45. Ra7+ Ke6 46. Ra3 Rxa3 0-1


[Site "https://www.chess.com"]

[Event "Titled Tuesday Blitz July 4 Early 2023"]
[White "Rahman, Masruri"]
[Black "Heinemann, Josefine"]
[WhiteFideId "7101163"]
[BlackFideId "12900460"]
[WhiteElo "2820"]
[BlackElo "2463"]
[Result "1-0"]
[Round "1"]
[TimeControl "180+2"]
[Date "2023.07.04"]
[WhiteClock "0:01:47"]
[BlackClock "0:01:50"]
[Board "63"]

1. d4 Nf6 2. Bf4 d5 3. e3 c5 4. Nc3 cxd4 5. exd4 a6 6. Nf3 Nc6 7. Ne5 Bd7 8. Be2 e6 9. O-O Be7 10. Be3 Qb6 11. Rb1 O-O 12. Qd2 Rfd8 13. f4 Ne4 14. Nxe4 dxe4 15. c3 Qc7 16. Qe1 Be8 17. Qg3 f6 18. Ng4 Bg6 19. Bc4 Qd7 20. f5 Bd6 21. Bf4 Bxf4 22. Rxf4 Kh8 23. fxg6 1-0


[Site "https://www.chess.com"]

[Event "Titled Tuesday Blitz July 4 Early 2023"]
[White "Baches Garcia, Guillermo"]
[Black "Maximov, Dmitry"]
[WhiteFideId "2209764"]
[BlackFideId "14105659"]
[WhiteElo "2461"]
[BlackElo "2816"]
[Result "0-1"]
[Round "1"]
[TimeControl "180+2"]
[Date "2023.07.04"]
[WhiteClock "0:00:00"]
[BlackClock "0:00:01"]
[Board "64"]

1. e4 c5 2. Nf3 d6 3. d4 cxd4 4. Nxd4 Nf6 5. Nc3 Nc6 6. Nd5 e6 7. Nxf6+ gxf6 8. Be2 h5 9. Be3 h4 10. Qd2 a6 11. O-O-O Bd7 12. Kb1 Qc7 13. f4 O-O-O 14. Nb3 Kb8 15. Bg4 Rc8 16. Qf2 b5 17. Rc1 f5 18. exf5 d5 19. fxe6 fxe6 20. Bb6 Qb7 21. Bc5 Bg7 22. Rhe1 Rhe8 23. Bd6+ Ka8 24. Nc5 Qa7 25. Qxh4 Na5 26. Qh7 Rg8 27. Nxd7 Qxd7 28. Bxe6 Qxd6 29. Bxg8 Bxb2 30. Rcd1 Qb4 31. Bxd5+ Kb8 32. Bb3 Bc3 33. Re3 Nc4 34. Rxc3 Na3+ 35. Kc1 Qxc3 36. Rd7 Qa1+ 37. Kd2 Nb1+ 38. Ke2 Nc3+ 39. Kf3 Qf1+ 40. Kg3 Ne2+ 41. Kh4 Qxf4+ 42. Kh5 Qxh2+ 43. Kg6 Qxg2+ 44. Kf7 Qf3+ 45. Ke6 Nf4+ 46. Kd6 Qc6+ 47. Ke7 Ng6+ 48. Kf7 Ne5+ 49. Ke7 Qxd7+ 0-1


[Site "https://www.chess.com"]

[Event "Titled Tuesday Blitz July 4 Early 2023"]
[White "Kushko, Dmitriy"]
[Black "Dobre, Claudiu-Cristian"]
[WhiteFideId "14162261"]
[BlackFideId "1211854"]
[WhiteElo "2815"]
[BlackElo "2461"]
[Result "1-0"]
[Round "1"]
[TimeControl "180+2"]
[Date "2023.07.04"]
[WhiteClock "0:00:23"]
[BlackClock "0:00:00"]
[Board "65"]

1. Nf3 d5 2. g3 Nf6 3. Bg2 Bg4 4. O-O e6 5. h3 Bh5 6. d4 Nbd7 7. c4 c6 8. cxd5 exd5 9. Qb3 Nb6 10. Nc3 Be7 11. Ne5 O-O 12. a4 a5 13. f4 Nfd7 14. g4 Nxe5 15. dxe5 Bc5+ 16. e3 f6 17. gxh5 fxe5 18. Ne4 Bb4 19. Bd2 Kh8 20. Bxb4 axb4 21. Nc5 Qe7 22. Qxb4 Nc4 23. Nd3 Qxb4 24. Nxb4 Nxe3 25. Rf3 Nxg2 26. Kxg2 e4 27. Rff1 Rf5 28. Nc2 c5 29. b4 b6 30. a5 bxa5 31. bxc5 a4 32. c6 Rxh5 33. Nd4 h6 34. Rfb1 a3 35. c7 1-0


[Site "https://www.chess.com"]

[Event "Titled Tuesday Blitz July 4 Early 2023"]
[White "Gatterer, Florian"]
[Black "Stribuk, Artiom"]
[WhiteFideId "811688"]
[BlackFideId "13515659"]
[WhiteElo "2460"]
[BlackElo "2814"]
[Result "0-1"]
[Round "1"]
[TimeControl "180+2"]
[Date "2023.07.04"]
[WhiteClock "0:00:00"]
[BlackClock "0:00:46"]
[Board "66"]

1. d4 Nf6 2. Bg5 d5 3. e3 c5 4. Bxf6 gxf6 5. dxc5 e6 6. c4 Qa5+ 7. Nc3 dxc4 8. Bxc4 Bxc5 9. Ne2 Nc6 10. a3 Be7 11. O-O Bd7 12. b4 Qe5 13. Nd4 Nxd4 14. exd4 Qc7 15. Bb5 Qxc3 16. Bxd7+ Kxd7 17. Rc1 Qxa3 18. Ra1 Qxb4 19. Rb1 Qa5 20. Rxb7+ Ke8 21. Qb3 Rd8 22. h4 Rg8 23. g3 Rg4 24. Rc1 Rgxd4 25. Rcc7 R4d7 26. Rxd7 Rxd7 27. Rxd7 Kxd7 28. Qb7+ Qc7 29. Qb5+ Qc6 30. Qd3+ Bd6 31. Qxh7 Ke7 32. Qb1 Qc5 33. Qd1 Bxg3 34. Kg2 Qxf2+ 0-1


[Site "https://www.chess.com"]

[Event "Titled Tuesday Blitz July 4 Early 2023"]
[White "Goltsev, Dmitry"]
[Black "Sukandar, Irine Kharisma"]
[WhiteFideId "24176710"]
[BlackFideId "7101937"]
[WhiteElo "2804"]
[BlackElo "2459"]
[Result "1-0"]
[Round "1"]
[TimeControl "180+2"]
[Date "2023.07.04"]
[WhiteClock "0:01:05"]
[BlackClock "0:00:00"]
[Board "67"]

1. e4 c5 2. Nf3 e6 3. d4 cxd4 4. Nxd4 Nc6 5. Nc3 Qb6 6. Nb3 Nf6 7. Be3 Qc7 8. f3 Bb4 9. Be2 d5 10. exd5 Nxd5 11. Bd2 Nxc3 12. bxc3 Be7 13. O-O O-O 14. Be1 Rd8 15. Qc1 Bd6 16. g3 e5 17. Bf2 b6 18. Rd1 Bb7 19. c4 Ne7 20. a4 e4 21. f4 Nf5 22. Nd4 e3 23. Bxe3 Nxd4 24. Rxd4 Bc5 25. Rxd8+ Rxd8 26. Kf1 Qc6 27. Bxc5 bxc5 28. Qe3 Re8 29. Qg1 Qe4 30. Re1 Bc8 31. Qg2 Qe3 32. Qf2 Qe4 33. Qf3 Qxc2 34. g4 Bd7 35. Qd5 Bxa4 36. Qxc5 Qe4 37. Qf2 1-0


[Site "https://www.chess.com"]

[Event "Titled Tuesday Blitz July 4 Early 2023"]
[White "Manukian, Artak"]
[Black "Perez Ponsa, Federico"]
[WhiteFideId "13301373"]
[BlackFideId "117927"]
[WhiteElo "2451"]
[BlackElo "2803"]
[Result "0-1"]
[Round "1"]
[TimeControl "180+2"]
[Date "2023.07.04"]
[WhiteClock "0:00:00"]
[BlackClock "0:00:29"]
[Board "68"]

1. e4 e5 2. Nf3 Nc6 3. d4 exd4 4. Nxd4 Bc5 5. Nxc6 Qf6 6. Qf3 dxc6 7. Bc4 Qxf3 8. gxf3 Ne7 9. Be3 Bxe3 10. fxe3 f5 11. e5 Nd5 12. Kf2 Be6 13. Nc3 Ke7 14. Bxd5 cxd5 15. Rad1 Rad8 16. Rd2 c6 17. f4 Rhg8 18. h4 g6 19. Rg1 h6 20. Ke1 Rg7 21. Rdg2 Rdg8 22. Ne2 c5 23. b3 b5 24. Kf2 a5 25. Ng3 Kf7 26. c3 b4 27. Rc1 c4 28. Ne2 g5 29. hxg5 hxg5 30. Rcg1 g4 31. cxb4 axb4 32. Nd4 Rh7 33. Ke2 Ra8 34. Kd1 Rh3 35. Rg3 Rxg3 36. Rxg3 Rxa2 37. Kc1 Rh2 38. Kb1 c3 39. Rg1 Bd7 40. Rd1 g3 0-1


[Site "https://www.chess.com"]